 Dungeon Crawl Stone Soup version 0.30.1-9-gdf580d7c3d (webtiles) character file.

Game seed: 15122759803351859549

87 tizbic2 the Trooper (level 4, -2/31 HPs)
             Began as a Vampire Fighter on Sept 30, 2023.
             Was a Plaything of Xom.
             Slain by lonewolfV2's ghost (10 damage)
             ... on level 3 of the Dungeon.
             The game lasted 00:05:39 (1314 turns).

tizbic2 the Trooper (Vampire Fighter)               Turns: 1314, Time: 00:05:40

Health: -2/31      AC:  6    Str: 17    XL:     4   Next: 28%
Magic:  4/4        EV:  9    Int: 10    God:    Xom [..*...]
Gold:   174        SH:  4    Dex: 13    Spells: 3/3 levels left

rFire   . . .        a - +0 trident
rCold   + . .        c - +0 buckler
rNeg    . . .        b - +0 scale mail
rPois   .            (no helmet)
rElec   .            (no cloak)
rCorr   .            (no gloves)
SInv    +            (no boots)
Will    .....        (no amulet) Stlth
                     n - ring of protection from cold
HPRegen 0.45/turn    (no ring)
MPRegen 0.09/turn

%: no passive effects
@: mighty, healing quickly
A: alive, fangs 3, see invisible, vampiric 2, [frail 1]
a: Exsanguinate, Renounce Religion


You were on level 3 of the Dungeon.
You worshipped Xom.
You were a toy of Xom.
You visited 1 branch of the dungeon, and saw 3 of its levels.

You collected 174 gold pieces.

Inventory:

Hand Weapons
 a - a +0 trident (weapon)
Missiles
 j - 7 poisoned darts (quivered)
Armour
 b - a +0 scale mail (worn)
 c - a +0 buckler (worn)
 p - a +0 ring mail
Magical Staves
 o - a staff of cold
Jewellery
 n - a ring of protection from cold (left hand)
Scrolls
 e - a scroll of identify
 f - a scroll of teleportation
 g - a scroll of fog {unknown}
 h - a scroll of amnesia {unknown}
 i - 3 scrolls of fear
 m - 2 scrolls of vulnerability
Potions
 d - a potion of might
 k - 2 potions of lignification
 l - a potion of attraction
 r - a potion of cancellation {unknown}


   Skills:
 + Level 3.2 Fighting
 * Level 2.9 Polearms
 + Level 2.9 Armour
 + Level 3.1 Shields


You had 3 spell levels left.
You didn't know any spells.
Your spell library contained the following spells:

 Spells                   Type           Power      Damage    Failure   Level
 Beastly Appendage        Tmut           0%         N/A       86%         1
 Shock                    Conj/Air       0%         1d3       86%         1
 Lesser Beckoning         Tloc           0%         N/A       94%         2
 Wereblood                Tmut           0%         N/A       94%         2
 Gell's Gravitas          Tloc           0%         N/A       99%         3
 Spider Form              Tmut/Pois      0%         N/A       99%         3
 Swiftness                Air            0%         N/A       99%         3
 Teleport Other           Tloc           0%         N/A       99%         3
 Airstrike                Air            0%         2d(0-16)  100%        4


Dungeon Overview and Level Annotations

Branches:
Dungeon (3/15)

Altars:
Xom

Shops:
D:2 !

Annotations:
D:3 lonewolfV2's ghost, amateur FoFi


Innate Abilities, Weirdness & Mutations

Your natural rate of healing is accelerated.
You have razor-sharp teeth.
You have supernaturally acute eyesight. (SInv)
You are afflicted with vampirism and can become a bat while bloodless.
[You are frail. (-10% HP)]


Message History

You feel very mighty all of a sudden. As you open the door, it creaks loudly!
You miss the adder. Your bite misses the adder.
The adder bites you but does no damage.
You puncture the adder!
The adder is almost dead.
The adder barely misses you. The adder bites you but does no damage.
The adder closely misses you.
You closely miss the adder. The adder closely misses you.
The adder barely misses you. The adder bites you but does no damage.
The adder barely misses you. The adder bites you.
The adder attacks as you move away! The adder bites you but does no damage.
There is an open door here.
The adder bites you.
You impale the adder!!
You kill the adder!
The adder bites you but does no damage.
You puncture the adder!
You kill the adder!
You barely miss lonewolfV2's ghost. LonewolfV2's ghost hits you.
LonewolfV2's ghost hits you!
You barely miss lonewolfV2's ghost.
LonewolfV2's ghost hits you but does no damage.
You hit lonewolfV2's ghost.
LonewolfV2's ghost is lightly damaged.
LonewolfV2's ghost hits you!
* * * LOW HITPOINT WARNING * * *
It was a potion of mutation.
You feel extremely strange.
You feel a little pissed off.
You feel a little more calm.
Xom roars with laughter!
LonewolfV2's ghost hits you but does no damage.
Unknown command.
You puncture lonewolfV2's ghost!
LonewolfV2's ghost is moderately damaged.
You block lonewolfV2's ghost's attack.
You hit lonewolfV2's ghost.
LonewolfV2's ghost is moderately damaged.
LonewolfV2's ghost hits you!
You die...
Xom giggles madly!

## #.##### #.# #.# #.#
#.# ##+#.# #.# ##...##
#.# ##.....## #.###
##.......## #.#.##
#.........###....##
########..W@......#
~)~~~~'..###........
#######.## #.#.#####
......# #.#.####
##...######..<...#
##+#.........##.#
#.#.######..##.##.
#######.#.# #........
#.........######.###.###


You could see lonewolfV2's ghost.

Vanquished Creatures
  5 adders
  4 orcs (D:3)
  4 ball pythons
  8 goblins
  6 hobgoblins
  2 quokkas (D:1)
  A frilled lizard (D:1)
  4 kobolds
  2 rats
36 creatures vanquished.

Notes
Turn   | Place    | Note
-------+----------+-------------------------------------------
     0 | D:1      | tizbic2 the Vampire Fighter began the quest for the Orb.
     0 | D:1      | Reached XP level 1. HP: 17/17 MP: 1/1
   339 | D:1      | You fall into a shaft and drop 1 floor!
   347 | D:2      | Reached XP level 2. HP: 23/23 MP: 2/2
   350 | D:2      | Found Alaypto's Distillery.
   781 | D:2      | Gained mutation: You are afflicted with vampirism and can
                  | become a bat while bloodless. [Vampire growth]
   781 | D:2      | Reached XP level 3. HP: 24/29 MP: 3/3
  1106 | D:2      | Found a faded altar of an unknown god.
  1122 | D:2      | Prayed at the altar of an unknown god.
  1122 | D:2      | Became a worshipper of Xom of Chaos
  1256 | D:3      | Reached XP level 4. HP: 31/31 MP: 4/4
  1279 | D:3      | Found a runed translucent door.
  1280 | D:3      | Noticed lonewolfV2's ghost (amateur FoFi)
  1312 | D:3      | Gained mutation: You sometimes lose your temper in combat.
                  | [potion of mutation]
  1312 | D:3      | Lost mutation: You sometimes lose your temper in combat.
                  | [potion of mutation]
  1314 | D:3      | Slain by lonewolfV2's ghost

Illustrated notes

Levels and vault maps discovered:
D:1:      lightli_arrival_statue_moat, layout_loops_ring
D:2:      layout_basic, chequers_ecumenical_altar_simple, serial_shops, shop
D:3:      layout_loops_corners, ebering_ghost_sewer_d, wad_orctagon,
          uniq_natasha

Skill      XL: |  1  2  3 |
---------------+----------+-----
Polearms       | 2 |  2.9
Fighting       | 3 |  3.2
Shields        | 3 |  3.1
Armour         | |  2.9

Action                     |  1- 3 |  4- 6 || total
---------------------------+-------+-------++-------
  Melee: Trident           |    86 |    10 ||    96
         Bite              |     7 |       ||     7
  Throw: Dart              |     2 |       ||     2
Ability: Exsanguinate      |     1 |       ||     1
         Revivify          |     1 |       ||     1
    Use: Scroll            |     5 |       ||     5
         Potion            |       |     2 ||     2
 Armour: Scale mail        |    24 |     7 ||    31
  Dodge: Dodged            |    24 |     5 ||    29
  Block: Buckler           |    15 |     1 ||    16
